 Dungeon Crawl Stone Soup version 0.31-a0-865-g3d5d91748a (webtiles) character file.

Game seed: 5226583798876483911

19190 Flugkiller the Carver (level 12, 0/63 (73) HPs)
             Began as a Deep Elf Fighter on Oct 11, 2023.
             Was a High Priest of Okawaru.
             Killed from afar by Josephine (22 damage)
             ... with a ghostly fireball
             ... on level 3 of the Lair of Beasts.
             The game lasted 00:21:33 (14775 turns).

Flugkiller the Carver (Deep Elf Fighter)           Turns: 14775, Time: 00:21:34

HP:   0/63 (73)     AC: 19    Str: 17    XL:     12   Next: 34%
MP:   0/20          EV: 15    Int: 15    God:    Okawaru [*****.]
Gold: 255           SH:  6    Dex: 20    Spells: 19/19 levels left

rFire   . . .        s - +2 long sword (venom)
rCold   . . .        c - +0 buckler
rNeg    . . .        v - +0 swamp dragon scales
rPois   +            k - +0 helmet
rElec   .            b - +2 cloak
rCorr   .            g - +2 pair of gloves
SInv    .            y - +1 pair of boots
Will    +....        h - amulet of guardian spirit
Stlth   +            u - +6 ring of dexterity
HPRegen 0.30/turn    o - ring of poison resistance
MPRegen 0.17/turn

%: guardian spirit
@: heavily drained
A: no striking features
a: Renounce Religion, Heroism, Finesse, Duel


You were on level 3 of the Lair of Beasts.
You worshipped Okawaru.
Okawaru was extremely pleased with you.
You visited 3 branches of the dungeon, and saw 17 of its levels.

You collected 749 gold pieces.
You spent 494 gold pieces at shops.

Inventory:

Hand Weapons
 s - a +2 long sword of venom (weapon)
   (You bought it in a shop on level 9 of the Dungeon)
Missiles
 p - 6 throwing nets
 G - 4 curare-tipped darts
Armour
 b - a +2 cloak (worn)
   (You bought it in a shop on level 5 of the Dungeon)
 c - a +0 buckler (worn)
 f - +0 gold dragon scales
   (You found it on level 1 of the Dungeon)
 g - a +2 pair of gloves (worn)
   (You found it on level 4 of the Dungeon)
 k - a +0 helmet (worn)
   (You took it off Robin on level 2 of the Dungeon)
 v - +0 swamp dragon scales (worn)
   (You took it off Maggie on level 7 of the Dungeon)
 y - a +1 pair of boots (worn)
   (You bought it in a shop on level 6 of the Dungeon)
Jewellery
 h - an amulet of guardian spirit (around neck)
   (You found it on level 2 of the Dungeon)
 o - a ring of poison resistance (right hand)
   (You found it on level 1 of the Lair of Beasts)
 u - a +6 ring of dexterity (left hand)
   (You found it on level 9 of the Dungeon)
Wands
 a - a wand of light (7)
   (You took it off an orc warrior on level 9 of the Dungeon)
 e - a wand of polymorph (11)
   (You took it off Maggie on level 7 of the Dungeon)
 x - a wand of paralysis (2)
   (You found it on level 10 of the Dungeon)
 H - a wand of flame (9)
   (You found it on level 2 of the Lair of Beasts)
Scrolls
 i - a scroll of silence
 m - 2 scrolls of vulnerability
 t - 7 scrolls of teleportation
 z - a scroll of blinking
 A - 2 scrolls of fog
 B - a scroll of revelation
 C - a scroll of brand weapon {unknown}
 F - a scroll of torment
Potions
 d - 8 potions of ambrosia
 j - 3 potions of brilliance
 l - a potion of berserk rage
 n - 2 potions of resistance
 q - 3 potions of curing
 r - a potion of invisibility {unknown}
 w - 2 potions of mutation
 D - 2 potions of attraction {unknown}
Miscellaneous
 I - a phial of floods
   (You found it on level 1 of the Lair of Beasts)


   Skills:
 - Level 8.0 Fighting
 - Level 10.0 Long Blades
 - Level 7.0 Armour
 - Level 8.1 Dodging
 - Level 5.0 Shields
 - Level 4.0 Spellcasting
 + Level 8.5 Invocations
 - Level 6.0 Evocations


You had 19 spell levels left.
You didn't know any spells.
Your spell library contained the following spells:

 Spells                   Type           Power      Damage    Failure   Level
 Foxfire                  Conj/Fire      12%        2x1d4     36%         1
 Freeze                   Ice            12%        1d3       36%         1
 Kiss of Death            Conj/Necr      12%        2d6       36%         1
 Magic Dart               Conj           12%        1d3       36%         1
 Blink                    Tloc           6%         N/A       50%         2
 Lesser Beckoning         Tloc           6%         N/A       50%         2
 Momentum Strike          Conj/Tloc      6%         3d8       50%         2
 Poisonous Vapours        Pois/Air       6%         N/A       50%         2
 Confusing Touch          Hex            3%         N/A       75%         3
 Frozen Ramparts          Ice            6%         1d1       75%         3
 Gell's Gravitas          Tloc           3%         N/A       75%         3
 Hailstorm                Conj/Ice       3%         3d3       75%         3
 Mephitic Cloud           Conj/Pois/Air  3%         N/A       75%         3
 Teleport Other           Tloc           3%         N/A       75%         3
 Anguish                  Hex/Necr       1%         N/A       98%         4
 Cause Fear               Hex            1%         N/A       98%         4
 Dispel Undead            Necr           3%         3d7       98%         4
 Olgreb's Toxic Radiance  Pois           3%         N/A       98%         4
 Freezing Cloud           Conj/Ice/Air   1%         6-21      100%        5
 Iskenderun's Battlesphe  Conj           3%         2d6       100%        5
 Bombard                  Conj/Erth      1%         9d1       100%        6
 Dispersal                Tloc           1%         N/A       100%        6
 Plasma Beam              Fire/Air       1%         2x1d11    100%        6
 Starburst                Conj/Fire      1%         6d3       100%        6
 Enfeeble                 Hex            1%         N/A       100%        7
 Orb of Destruction       Conj           1%         9d5       100%        7
 Discord                  Hex            1%         N/A       100%        8
 Ignition                 Fire           1%         3d3       100%        8
 Call Imp                 Summ           Unusable   N/A       N/A         2
 Summon Guardian Golem    Hex/Summ       Unusable   N/A       N/A         3
 Spellforged Servitor     Conj/Summ      Unusable   N/A       N/A         7

Dungeon Overview and Level Annotations

Branches:
Dungeon (13/15) Zot: 26352  Temple (1/1) D:7 Zot: 5998    Lair (3/5) D:8 Zot: 15612
  Swamp (0/4) Lair:2        Snake (0/4) Lair:3          Orc (0/2) D:10
 Vaults: D:13-14

Altars:
Ashenzari
Cheibriados
Dithmenos
Elyvilon
Fedhas
Gozag
Hepliaklqana
Kikubaaqudgha
Makhleb
Nemelex Xobeh
Okawaru
Qazlal
Ru
Sif Muna
Trog
Uskayaw
Vehumet
Wu Jian
Xom
Yredelemnul
Zin
The Shining One

Shops:
D:5 [   D:6 [   D:9 (*   D:10 ?   D:11 (*

Annotations:
Lair:3 Josephine


Message History

The water moccasin barely misses you.
You slash the water moccasin!
The water moccasin is poisoned.
The water moccasin is moderately wounded.
You block the water moccasin's attack.
You hit the water moccasin.
The water moccasin looks as sick as possible!
The water moccasin is heavily wounded.
The water moccasin bites you but does no damage.
The water moccasin barely misses you.
You closely miss the water moccasin.
The water moccasin is heavily wounded.
The water moccasin closely misses you.
You miss the water moccasin.
The water moccasin is severely wounded.
The water moccasin bites you but does no damage.
You hit the water moccasin.
The water moccasin looks as sick as possible!
The water moccasin is almost dead.
You block the water moccasin's attack.
The water moccasin completely misses you.
You slash the water moccasin!
You kill the water moccasin!
Okawaru accepts your kill.
No target in view!
m - 2 scrolls of vulnerability (gained 1)
A yak comes into view.
The yak bellows!
You barely miss the yak. You hit the yak but do no damage.
The yak is poisoned.
The yak gores you but does no damage.
You slash the yak!
The yak is heavily wounded.
You block the yak's attack.
You hit the yak.
The yak looks as sick as possible!
The yak is severely wounded.
The yak misses you.
You completely miss the yak.
The yak is severely wounded.
The yak closely misses you.
You closely miss the yak.
The yak is almost dead.
You block the yak's attack.
You slash the yak!
You kill the yak!
Okawaru accepts your kill.
No target in view!
Found a stone staircase leading down.
You hear the faint crackling of a very distant melting archway.
Josephine and a wraith come into view.
Josephine is wielding a +0 dagger of flaming.
Josephine shouts!
A wraith comes into view.
A wraith comes into view.
You hit the wraith but do no damage. The wraith hits you but does no damage.
You hit the wraith but do no damage. The wraith hits you but does no damage.
You hit the wraith.
The wraith is lightly damaged.
You hit Josephine.
Josephine is poisoned.
Josephine is lightly wounded.
You hit Josephine.
Josephine looks as sick as possible!
Josephine is lightly wounded.
You block Josephine's attack.
You closely miss Josephine.
Josephine is moderately wounded.
Josephine points at you and mumbles some strange words.
The ghostly flame explodes!
The ghostly fireball engulfs you!
You feel drained.
The ghostly fireball engulfs Josephine.
Josephine completely resists.
You hear a roar!
You hit Josephine.
Josephine looks as sick as possible!
Josephine is moderately wounded.
Josephine hits you with a +0 dagger of flaming!
Josephine burns you.
You closely miss Josephine.
Josephine is heavily wounded.
Josephine gestures at you while chanting.
The ghostly flame explodes!
The ghostly fireball engulfs you!
You feel drained.
The ghostly fireball engulfs Josephine.
Josephine completely resists.
You hit Josephine.
Josephine is heavily wounded.
Josephine casts a spell at you.
The ghostly flame explodes!
The ghostly fireball engulfs you!
You feel drained.
The ghostly fireball engulfs Josephine.
Josephine completely resists.
You hit Josephine.
Josephine looks as sick as possible!
Josephine is heavily wounded.
You slash Josephine!
Josephine looks as sick as possible!
Josephine is severely wounded.
Josephine draws life force from you!
Josephine is healed by the life force!
You closely miss Josephine.
Josephine is severely wounded.
Josephine hits you but does no damage.
You closely miss Josephine.
Josephine is severely wounded.
Josephine laughs insanely.
Josephine draws life force from you!
Josephine is healed by the life force!
You hit Josephine.
Josephine looks as sick as possible!
Josephine is severely wounded.
Josephine gestures at you while chanting.
The ghostly flame explodes!
The ghostly fireball engulfs you!!
You feel drained.
You die...

## # ########. # ####.
######...>.^.. ...
#.....#.##.#....... ...
##.. #..@##.....P.####...
#...#####@W###..#.P##.#..
##.#.#.##W.##............
#$#........##..........#...
#....$.W#.##.##.##........
##..@.#.#..####.##P.......
#..#.###.P# P.#......... #.
P. ..## #..#......#.. #P
..W #.. ##...........


You could see Josephine (extremely poisoned) and 2 wraiths.

Vanquished Creatures
  Harold (Lair:2)
  A two-headed ogre (D:13)
  A lindwurm (D:10)
  A manticore (D:13)
  An ugly thing (D:13)
  A torpor snail (Lair:2)
  A black mamba (Lair:1)
  Joseph (D:8)
  3 cane toads
  Maggie (D:7)
  A kobold demonologist (D:9)
  2 komodo dragons (Lair:1)
  Jeremiah (D:8)
  A rime drake (Lair:1)
  A queen bee (Lair:2)
  A polar bear (Lair:2)
  3 trolls
  14 blink frogs
  A shadow (D:9)
  12 yaks
  A wyvern (D:11)
  A basilisk (Lair:2)
  4 vampire mosquitoes (D:10)
  Grum (D:8)
  A steam dragon (D:7)
  3 wargs (D:10)
  2 nagas (Lair:3)
  2 acid dragons
  Duvessa (D:5)
  10 water moccasins
  3 black bears
  2 orc warriors (D:9)
  3 ice beasts
  3 sky beasts
  3 centaurs
  An ogre (D:6)
  2 wolves (D:8)
  2 phantoms
  A kobold brigand (D:9)
  10 bullfrogs
  A gnoll sergeant (D:11)
  4 scorpions
  Dowan (D:4)
  28 killer bees
  An electric eel (Lair:2)
  A hound (D:4)
  A jelly (D:5)
  5 orc priests
  2 gnoll boudas
  A sleepcap (D:6)
  3 iguanas
  8 orc wizards
  2 hell rats (Lair:1)
  Robin (D:2)
  8 gnolls
  7 adders
  9 river rats (Lair:1)
  A white imp (D:6)
  2 dart slugs (D:3)
  32 orcs
  9 endoplasms
  2 giant cockroaches
  15 goblins
  8 hobgoblins
  14 jackals
  5 kobolds
  3 quokkas
  3 ball pythons
  10 bats
  4 frilled lizards
  12 rats
308 creatures vanquished.

Vanquished Creatures (others)
  A gnoll (D:10)
1 creature vanquished.

Grand Total: 309 creatures vanquished

Notes
Turn   | Place    | Note
-------+----------+-------------------------------------------
     0 | D:1      | Flugkiller the Deep Elf Fighter began the quest for the
                  | Orb.
     0 | D:1      | Reached XP level 1. HP: 13/13 MP: 3/3
    87 | D:1      | Reached skill level 2 in Long Blades
   124 | D:1      | Reached XP level 2. HP: 13/18 MP: 4/4
   444 | D:1      | Reached skill level 3 in Long Blades
   628 | D:1      | Reached XP level 3. HP: 22/22 MP: 5/5
  1083 | D:2      | Reached XP level 4. HP: 23/27 MP: 6/6
  1084 | D:2      | Reached skill level 4 in Long Blades
  1098 | D:2      | Noticed Robin
  1112 | D:2      | Killed Robin
  1470 | D:3      | Found a blossoming altar of Fedhas.
  1676 | D:3      | Found a stormy altar of Qazlal.
  1676 | D:3      | Noticed a sky beast
  1690 | D:3      | Killed a sky beast
  1691 | D:3      | Reached XP level 5. HP: 24/31 MP: 7/7
  1906 | D:3      | Found a broken altar of Ashenzari.
  1928 | D:3      | Found a burning altar of Makhleb.
  1931 | D:3      | Found a sparkling altar of Nemelex Xobeh.
  2193 | D:3      | Reached XP level 6. HP: 28/37 MP: 8/8
  2330 | D:4      | Found a white marble altar of Elyvilon.
  2478 | D:4      | Reached skill level 1 in Spellcasting
  2632 | D:4      | Found a basalt altar of Yredelemnul.
  2791 | D:4      | Reached XP level 7. HP: 42/43 MP: 12/12
  3262 | D:5      | Entered Level 5 of the Dungeon
  3449 | D:5      | Noticed Dowan
  3449 | D:5      | Noticed Duvessa
  3519 | D:5      | Killed Duvessa
  3529 | D:4      | Killed Dowan
  3721 | D:5      | Found Tuzojah's Armour Shoppe.
  3725 | D:5      | Bought a +2 cloak for 181 gold pieces
  4289 | D:6      | Reached XP level 8. HP: 29/48 MP: 7/13
  4380 | D:6      | Reached skill level 5 in Fighting
  4380 | D:6      | Reached skill level 5 in Armour
  4497 | D:6      | Found Muelut's Armour Boutique.
  4686 | D:6      | Found a glowing golden altar of the Shining One.
  5322 | D:7      | Found a staircase to the Ecumenical Temple.
  5403 | Temple   | Entered the Ecumenical Temple
  5640 | D:7      | Noticed Maggie
  5752 | D:7      | Killed Maggie
  5753 | D:7      | Reached XP level 9. HP: 6/56 MP: 3/17
  6055 | D:8      | Noticed Jeremiah
  6093 | D:8      | Noticed Grum
  6115 | D:8      | Killed Grum
  6226 | D:8      | Killed Jeremiah
  6227 | D:8      | Reached skill level 1 in Dodging
  6622 | D:8      | Found a staircase to the Lair.
  6623 | D:8      | Noticed Joseph
  6669 | D:8      | Killed Joseph
  7029 | D:8      | Reached skill level 5 in Dodging
  7215 | D:8      | Found an ornate altar of the Wu Jian Council.
  7305 | D:8      | Reached XP level 10. HP: 53/64 MP: 14/18
  7471 | D:8      | Found a glowing silver altar of Zin.
  8064 | D:9      | Found Otugri's Demolitions Depot.
  8282 | D:9      | Found a flagged portal.
  8609 | D:9      | Found a shimmering blue altar of Sif Muna.
  8794 | D:9      | Found Ozamm's Antique Weapon Shop.
  8809 | D:9      | Bought a glowing long sword for 175 gold pieces
  9144 | D:9      | Reached skill level 5 in Shields
  9274 | D:9      | Reached skill level 5 in Long Blades
  9306 | D:9      | Noticed a rust devil
  9313 | D:9      | Reached skill level 6 in Long Blades
  9543 | D:9      | Identified the +4 mace of the Skies Above {elec, Will+
                  | Str+2}
  9632 | D:10     | Entered Level 10 of the Dungeon
  9748 | D:10     | Reached skill level 7 in Long Blades
  9957 | D:10     | Found a staircase to the Orcish Mines.
 10332 | D:10     | Found an iron altar of Okawaru.
 10422 | D:10     | Found Cawk's Magic Scroll Emporium.
 10463 | D:10     | Became a worshipper of Warmaster Okawaru
 10629 | D:6      | Bought a +1 pair of boots for 138 gold pieces
 10702 | D:11     | Found Qainuecs's General Store.
 10735 | D:11     | Noticed a two-headed ogre
 10746 | D:11     | a two-headed ogre changed into a lindwurm
 10746 | D:11     | Noticed a lindwurm
 11100 | D:10     | Killed a lindwurm
 11101 | D:10     | Reached skill level 8 in Long Blades
 11194 | D:11     | Reached XP level 11. HP: 54/68 MP: 14/19
 11261 | D:11     | Found Ubruhaent's Antique Weapon Shop.
 11263 | D:11     | You fall into a shaft and drop 2 floors!
 11524 | D:13     | Noticed a cyan ugly thing
 11551 | D:13     | Killed a cyan ugly thing
 11551 | D:13     | Reached * piety under Okawaru
 11690 | D:13     | Noticed a two-headed ogre
 11715 | D:13     | Killed a two-headed ogre
 11716 | D:13     | Reached skill level 5 in Evocations
 12116 | Lair:1   | Entered Level 1 of the Lair of Beasts
 12356 | D:8      | Reached ** piety under Okawaru
 12480 | Lair:1   | Reached skill level 9 in Long Blades
 12791 | Lair:1   | Reached *** piety under Okawaru
 12833 | Lair:1   | Reached skill level 10 in Long Blades
 13186 | Lair:1   | Reached skill level 1 in Invocations
 13458 | Lair:2   | Reached **** piety under Okawaru
 13662 | Lair:2   | Reached XP level 12. HP: 67/73 MP: 18/20
 13718 | Lair:2   | Reached skill level 5 in Invocations
 14146 | Lair:2   | Reached ***** piety under Okawaru
 14243 | Lair:2   | Noticed Sonja
 14244 | Lair:2   | Sonja changed into Sonja the polar bear
 14244 | Lair:2   | Noticed Sonja
 14254 | Lair:2   | Killed Sonja the polar bear
 14333 | Lair:2   | Found a staircase to the Swamp.
 14498 | Lair:2   | Noticed Harold
 14518 | Lair:2   | Killed Harold
 14670 | Lair:3   | Found a staircase to the Snake Pit.
 14752 | Lair:3   | Noticed Josephine
 14775 | Lair:3   | Killed from afar by Josephine

Illustrated notes

Levels and vault maps discovered:
D:1:      erik_arrival_blinker_ship, layout_loops_ring
D:2:      layout_rooms, uniq_robin
D:3:      layout_rooms, lemuel_round_altar, nicolae_qazlal_beasts_of_the_sky,
          grunt_temple_overflow_open
D:4:      layout_rooms, elyvilon_altar_1, lemuel_coloured_pillars_altar,
          chequers_serial_rivers_micro_d
D:5:      layout_cave_pods, serial_shops, shop, uniq_duvessa
D:6:      layout_loops_ring, old_standard_altar, serial_shops, shop,
          nrook_mini_backslash
D:7:      layout_rooms, minmay_temple_entry_poolview, uniq_maggie
D:8:      layout_loops_ring, zin_scriptorium, pdpol_wu_jian_five_deadly_venoms,
          due_lair_maze_entry_diamond, uniq_grum, uniq_joseph, uniq_jeremiah
D:9:      minmay_octagon_keep, layout_grid_maze,
          mainiacjoe_overflow_concentric_impassable, enter_bailey_8,
          serial_shops, nicolae_shop_peninsula, nicolae_blasting_shop,
          supply_closet_lemuel
D:10:     nicolae_cairo_tiling, layout_rooms, okawaru_trees_1,
          minmay_orc_entry_guard_dogs, serial_shops, nicolae_shop_rolled_up
D:11:     layout_cave_pools, serial_shops, nicolae_shop_crystal,
          nicolae_shop_statue_plus
D:12:     layout_irregular_city, gammafunk_ghost_hive
D:13:     layout_layer_cave, worms_lemuel
Temple:   nicolae_temple_ecumenical_triangle
Lair:1:   layout_hall_layers, serial_forest, infiniplex_forest_lined_2,
          infiniplex_forest_lined_ring, infiniplex_forest_straight_2,
          infiniplex_forest_lined_3, nicolae_lair_lil_pond, kennysheep_rathole,
          lemuel_fruit_tree
Lair:2:   layout_roguey [special_room_bee], swamp_mist_pool,
          serial_bayou_lagoon_a, patterned_corridor, uniq_harold, uniq_sonja
Lair:3:   layout_loops_ring, guppyfry_snake_entry_island,
          portal_ice_cave_entry_ice_simulacra, st_stairs_7, uniq_josephine

Skill      XL: |  1  2  3  4  5  6  7  8  9 10 11 12 |
---------------+-------------------------------------+-----
Long Blades    | 2 3 4 8 10 | 10.0
Armour         | 4 6 7 |  7.0
Fighting       | 3 4 6 8 |  8.0
Spellcasting   | 2 4 |  4.0
Shields        | 3 4 5 |  5.0
Dodging        | 5 7 8 |  8.1
Evocations     | 2 6 |  6.0
Invocations    | 4 8 |  8.5

Action                     |  1- 3 |  4- 6 |  7- 9 | 10-12 || total
---------------------------+-------+-------+-------+-------++-------
  Melee: Long sword        |   161 |   180 |   505 |   796 ||  1642
         Unarmed           |       |       |     8 |       ||     8
 Invoke: Heroism           |       |       |       |     1 ||     1
  Evoke: Wand              |       |       |       |    11 ||    11
    Use: Potion            |       |     3 |     2 |     5 ||    10
         Scroll            |       |       |    11 |     8 ||    19
   Stab: Paralysed         |       |       |       |     3 ||     3
 Armour: Scale mail        |    24 |       |       |       ||    24
         Gold dragon scale |   152 |   212 |   366 |    33 ||   763
         Skin              |       |       |     4 |       ||     4
         Swamp dragon scal |       |       |   266 |   534 ||   800
  Dodge: Dodged            |    17 |    11 |   160 |   607 ||   795
  Block: Buckler           |    49 |    36 |   146 |   289 ||   520

Table legend: (Time is in decaauts)
 A = Elapsed time spent in this place.
 B = Non-inter-level travel time spent in this place.
 C = Inter-level travel time spent in this place.
 D = Time resting spent in this place.
 E = Time spent auto-exploring this place.
 F = Levels seen in this place.
 G = Mean time per level.
                   A        B        C        D        E       F      G
               +--------+--------+--------+--------+--------+-----+--------+
         Total |  15034 |  14179 |    855 |   3647 |   6290 |  17 |  884.4 |
       Dungeon |  12646 |  11839 |    807 |   3156 |   5248 |  13 |  972.8 |
        Temple |      1 |      1 |      0 |      0 |      0 |   1 |    1.0 |
          Lair |   2386 |   2339 |     47 |    491 |   1042 |   3 |  795.3 |
               +--------+--------+--------+--------+--------+-----+--------+

Top non-repeatable levels by time:
     D:8: 1835 daAuts
     D:9: 1793 daAuts
    D:10: 1385 daAuts
     D:7: 1384 daAuts
  Lair:1: 1139 daAuts
  Lair:2: 1118 daAuts
     D:3: 1028 daAuts
     D:5: 990 daAuts
     D:6: 901 daAuts
     D:4: 834 daAuts
     D:2: 781 daAuts
     D:1: 752 daAuts
    D:13: 477 daAuts
    D:11: 474 daAuts
  Lair:3: 128 daAuts
